 Dungeon Crawl Stone Soup version 0.28.0-43-g3370ac3207 (webtiles) character file.

Game seed: 12893789493122789602

44259 fknight the Cleaver (level 14, -23/121 (127) HPs)
             Began as a Hill Orc Monk on Mar 5, 2022.
             Was the Champion of Beogh.
             Annihilated by an orc warlord
             ... wielding a +0 great sword
              (31 damage)
             ... on level 2 of the Orcish Mines.
             The game lasted 02:01:08 (30356 turns).

fknight the Cleaver (Hill Orc Monk)                Turns: 30356, Time: 02:01:09

HP:   -23/121 (127) AC: 25    Str: 19    XL:     14   Next: 27%
MP:   20/20         EV:  8    Int: 10    God:    Beogh [******]
Gold: 1426          SH:  6    Dex: 13    Spells: 13/13 levels left

rFire   . . .      SeeInvis .   a - +6 broad axe (flame)
rCold   + . .      Faith    .   V - +0 buckler
rNeg    . . .      Spirit   .   F - +6 plate armour
rPois   .          Reflect  .   D - +2 helmet
rElec   .          Harm     .   n - +0 cloak
rCorr   .          Rampage  .   E - +2 pair of gloves {Stlth+}
Will    ++...                   y - +1 pair of boots {Fly}
Stlth   +.........              c - amulet of regeneration
HPRegen 1.10/turn               r - ring of willpower
MPRegen 0.17/turn               p - ring of protection from cold

@: corroded, flying, studying Necromancy, lightly drained
A: walk on water
a: Renounce Religion, Smiting, Recall Orcish Followers, Give Item to Named
Follower, Resurrection


You were on level 2 of the Orcish Mines.
You worshipped Beogh.
Beogh was exalted by your worship.
You visited 3 branches of the dungeon, and saw 19 of its levels.

You collected 1826 gold pieces.
You spent 400 gold pieces at shops.

Inventory:

Hand Weapons
 a - a +6 broad axe of flaming (weapon)
 b - a +0 vorpal hunting sling
 l - a +0 glaive
 H - a +0 bardiche
 M - a +4 hand axe
 O - a +5 hand axe
 R - a +2 quarterstaff of chaos
 X - a +1 spear
 Z - a +0 glaive
Missiles
 j - 25 poisoned darts
 s - 84 sling bullets
 x - 4 throwing nets
 A - 10 boomerangs (quivered)
 S - a curare-tipped dart
Armour
 n - a +0 cloak (worn)
 y - a +1 pair of boots of flying (worn)
 D - a +2 helmet (worn)
 E - a +2 pair of gloves of stealth (worn)
 F - a +6 plate armour (worn)
 V - a +0 buckler (worn)
Jewellery
 c - an amulet of regeneration (around neck)
 g - a +6 ring of dexterity
 p - a ring of protection from cold (right hand)
 r - a ring of willpower (left hand)
 J - a ring of willpower
 N - a ring of poison resistance
 U - a ring of see invisible
Wands
 h - a wand of digging (2)
 o - a wand of flame (56)
 w - a wand of paralysis (7)
 P - a wand of polymorph (18)
 Q - a wand of charming (4)
Scrolls
 i - a scroll of fear
 t - a scroll of holy word
 z - 14 scrolls of teleportation
 B - 3 scrolls of fog
 C - a scroll of brand weapon
 L - 2 scrolls of amnesia
Potions
 d - a potion of magic
 e - 4 potions of brilliance
 f - 8 potions of curing
 k - 3 potions of invisibility
 m - 3 potions of flight
 q - 2 potions of cancellation
 u - 3 potions of heal wounds
 G - a potion of haste
 K - a potion of might
 T - 2 potions of berserk rage
 W - a potion of ambrosia
 Y - a potion of resistance
Miscellaneous
 v - a phial of floods
 I - a box of beasts


   Skills:
 + Level 12.7 Fighting
 + Level 13.8 Axes
 + Level 7.8 Armour
 + Level 9.0 Dodging
 + Level 9.5 Stealth
 + Level 7.7 Shields
 + Level 9.2 Invocations
 + Level 7.0 Evocations


You had 13 spell levels left.
You didn't know any spells.
Your spell library contained the following spells:

 Spells                   Type           Power      Damage    Failure   Level
 Apportation              Tloc           0%         N/A       100%        1
 Sandblast                Erth           0%         2d4       100%        1
 Blink                    Tloc           0%         N/A       100%        2
 Ensorcelled Hibernation  Hex/Ice        0%         N/A       100%        2
 Passwall                 Tmut/Erth      0%         N/A       100%        2
 Scorch                   Fire           0%         2d5       100%        2
 Inner Flame              Hex/Fire       0%         N/A       100%        3
 Spider Form              Tmut/Pois      0%         N/A       100%        3
 Stone Arrow              Conj/Erth      0%         3d7       100%        3
 Anguish                  Hex/Necr       0%         N/A       100%        4
 Cause Fear               Hex            0%         N/A       100%        4
 Flame Wave               Conj/Fire      0%         2d4       100%        4
 Passage of Golubria      Tloc           0%         N/A       100%        4
 Alistair's Intoxication  Tmut/Pois      0%         N/A       100%        5
 Manifold Assault         Tloc           0%         N/A       100%        5
 Silence                  Hex/Air        0%         N/A       100%        5
 Summon Cactus Giant      Summ           0%         N/A       100%        6
 Storm Form               Tmut/Air       0%         N/A       100%        7
 Discord                  Hex            0%         N/A       100%        8
 Lehudib's Crystal Spear  Conj/Erth      0%         10d2      100%        8


Dungeon Overview and Level Annotations

Branches:
Dungeon (11/15)            Temple (0/1) D:4            Lair (6/6) D:11
  Swamp (0/4) Lair:4       Spider (0/4) Lair:3        Slime (0/5) Lair:5
    Orc (2/2) D:9
    Elf: Orc:2

Altars:
Okawaru
Xom

Shops:
D:2 ?:**   Orc:2 [

Portals:
Trove: D:10 (give +3 gold dragon scales)

Annotations:
Lair:2 exclusion: oklob plant


Message History

Your orc knight dies!
You barely miss the orc warlord.
The orc warlord is moderately wounded.
You hit the orc high priest but do no damage.
You hit the rust devil but do no damage.
The orc sorcerer points at you and mumbles some strange words.
The bolt of negative energy hits the hellwing.
The hellwing completely resists.
The bolt of negative energy hits you!!
You feel drained.
The bolt of negative energy misses Thorok.
The rust devil hits you. The rust devil corrodes you!
Your orc knight hits the orc warlord from afar with a +0 trident.
You hit the orc warlord but do no damage.
The orc warlord is moderately wounded.
You hit the rust devil but do no damage.
You barely miss the orc high priest. You hit the hellwing but do no damage.
The orc warlord hits you with a +0 great sword!!!
* * * LOW HITPOINT WARNING * * *
Thorok hits the orc high priest with a +0 spear of venom!!
The orc high priest looks as sick as possible!
The hellwing hits you but does no damage.
The hellwing hits you.
* * * LOW HITPOINT WARNING * * *
The orc sorcerer points at you and mumbles some strange words.
The bolt of negative energy hits the hellwing.
The hellwing completely resists.
The bolt of negative energy misses you.
The bolt of negative energy hits Thorok!
Thorok is drained!
Your magical effects are unravelling.
You feel magically purged.
You feel yourself slow down.
You are no longer corroded.
The rust devil hits you!
* * * LOW HITPOINT WARNING * * *
The rust devil corrodes you! The orc high priest closely misses you.
The orc high priest barely misses Thorok.
The orc high priest hits your orc knight with a +0 war axe!
Your orc knight completely misses the orc high priest.
The orc warlord hits you with a +0 great sword!!
You die...
Beogh appreciates the orc warlord's killing of a heretic priest.

P............$#
P..........$...
...∩..........#.
...............#
.....8........$#
.....oo.o$.....##
.....oo4o..#.....
#....P4@o.##.....
..#.#..oo).......
....##oo........
..#. #.oo.....##
# #.#.o.....#
####o.#####
##.o..o..#.##
###..o.o#..<..#
##.#.oo..#.....#


You could see an orc warlord (strong), 2 orc knights, an orc high priest
(strong, extremely poisoned, ally target), a hellwing (summoned), a rust devil
(summoned, ally target), 2 orc sorcerers, an orc warrior (strong), 2 friendly
orc knights, the friendly Borgk the orc knight (strong, drained), the friendly
Gorg the orc knight (strong, drained), the friendly Orbeogh the orc knight
(strong), the friendly Thorok the orc knight (strong, drained), a friendly orc
sorcerer (strong), 2 friendly orc warriors and a friendly orc (strong).

Vanquished Creatures
  A fire dragon (D:11)
  A boulder beetle (Lair:4)
  3 hydras
  Erica (D:8)
  A two-headed ogre (D:11)
  A deep troll shaman (Lair:6)
  4 death yaks (Lair:3)
  A manticore (D:11)
  2 elephants (Lair:6)
  A black mamba (Lair:6)
  3 cane toads
  A kobold demonologist (D:10)
  2 rime drakes
  4 komodo dragons
  3 trolls
  Grinder (D:3)
  A polar bear (Lair:6)
  2 blink frogs (Lair:4)
  2 dream sheep (Lair:4)
  A meliai zombie (D:10)
  A shadow (D:11)
  33 yaks
  2 spriggans (D:9)
  3 wyverns
  A basilisk (Lair:5)
  2 vampire mosquitoes (D:11)
  An acid dragon (D:9)
  7 water moccasins
  An orc warrior (D:9)
  An ogre (Orc:1)
  4 wolves
  A centaur (D:8)
  2 kobold brigands (D:10)
  3 bullfrogs
  2 killer bees (D:11)
  2 wights (D:6)
  A howler monkey (D:9)
  A bullfrog zombie (D:5)
  2 centaur zombies
  A crimson imp (D:6)
  Crazy Yiuf (D:7)
  2 orc priests (D:9)
  2 hounds (D:4)
  A centaur skeleton (D:5)
  An iguana (D:5)
  Jessica (D:3)
  9 orc wizards
  3 hell rats
  Robin (D:4)
  6 gnolls
  A howler monkey skeleton (D:4)
  5 adders
  3 river rats (Lair:3)
  A shadow imp (D:7)
  A white imp (D:6)
  2 ufetubi
  4 worms
  2 dart slugs
  12 orcs
  7 bats
  6 endoplasms
  4 giant cockroaches
  9 goblins
  6 hobgoblins
  12 jackals
  6 kobolds
  A quokka (D:1)
  13 ball pythons
  A frilled lizard (D:1)
  11 rats
241 creatures vanquished.

Vanquished Creatures (collateral kills)
  The ghost of WaxSun the Thaumaturge, a journeyman DgEE (Lair:6)
  The ghost of Konebred the Carver, a journeyman DjCA of Ignis (Lair:4)
  A shambling mangrove (Lair:5)
  2 hydras
  A catoblepas (Lair:6)
  2 two-headed ogres
  5 death yaks
  The ghost of Icepheonix32 the Arsonist, a novice DrFE of Qazlal (D:9)
  2 bog bodies (Lair:4)
  An orc knight (Orc:2)
  2 oklob plants
  2 cyclopes (Orc:1)
  A manticore (D:11)
  6 elephants (Lair:6)
  6 black mambas
  2 torpor snails
  12 cane toads
  3 rime drakes
  10 komodo dragons
  2 hornets (Lair:5)
  A troll (Orc:1)
  A polar bear (Lair:6)
  3 dream sheep (Lair:4)
  13 blink frogs
  46 yaks
  5 wyverns
  Grum (D:9)
  6 basilisks
  A vampire mosquito (D:11)
  2 redbacks (Lair:3)
  4 wargs
  9 water moccasins
  3 orc warriors
  A sky beast (D:6)
  A black bear (D:6)
  An ogre (Orc:1)
  2 centaurs
  3 wolves
  A phantom (D:7)
  2 kobold brigands (D:10)
  A gnoll sergeant (D:9)
  5 bullfrogs
  A killer bee (D:11)
  3 wights (D:6)
  2 howler monkeys (D:9)
  A centaur zombie (D:8)
  A jelly (D:6)
  6 orc priests
  A hound (D:5)
  A bullfrog skeleton (D:6)
  6 orc wizards
  Ijyb (D:5)
  7 hell rats
  A killer bee zombie (D:9)
  3 gnolls
  3 orcs
  3 kobolds (D:10)
  A rat (Lair:3)
  4 bushes
  3 butterflies (Lair:1)
  A fungus (Lair:5)
224 creatures vanquished.

Vanquished Creatures (others)
  An orc knight (Orc:2)
  An orc sorcerer (Orc:1)
  A vampire mosquito (D:11)
  4 orc warriors
  An orc wizard (Orc:1)
  16 orcs
  A giant cockroach (D:2)
  A hobgoblin (D:2)
  65 fungi
  76 plants
167 creatures vanquished.

Grand Total: 632 creatures vanquished

Notes
Turn   | Place    | Note
-------+----------+-------------------------------------------
     0 | D:1      | fknight the Hill Orc Monk began the quest for the Orb.
     0 | D:1      | Reached XP level 1. HP: 19/19 MP: 1/1
   110 | D:1      | Reached XP level 2. HP: 27/27 MP: 2/2
   205 | D:1      | Reached XP level 3. HP: 31/33 MP: 3/3
   479 | D:1      | Found a faded altar of an unknown god.
  1049 | D:2      | Became a worshipper of Beogh the Brigand
  1049 | D:2      | Reached * piety under Beogh
  1049 | D:2      | Reached ** piety under Beogh
  1085 | D:2      | Found Yxteumoa's Book Shoppe.
  1151 | D:2      | Reached XP level 4. HP: 40/40 MP: 4/4
  1291 | D:2      | Found Yhatuobb's General Store.
  1440 | D:2      | Found Oblut's Assorted Antiques.
  1787 | D:2      | Found Ifilas's Magic Scroll Emporium.
  2070 | D:3      | Reached skill level 5 in Axes
  2570 | D:3      | Reached XP level 5. HP: 38/47 MP: 5/5
  2664 | D:3      | Noticed Jessica
  2665 | D:3      | Killed Jessica
  2675 | D:3      | Noticed Grinder
  2689 | D:3      | Paralysed by Grinder for 4 turns
  2708 | D:3      | Paralysed by Grinder for 4 turns
  2734 | D:3      | Killed Grinder
  2735 | D:3      | Reached skill level 5 in Fighting
  2735 | D:3      | Reached XP level 6. HP: 33/56 MP: 6/6
  3005 | D:4      | Reached skill level 6 in Axes
  3142 | D:4      | Reached XP level 7. HP: 61/61 MP: 7/7
  3301 | D:4      | Noticed Robin
  3313 | D:4      | Reached *** piety under Beogh
  3322 | D:4      | Killed Robin
  3399 | D:4      | Found a staircase to the Ecumenical Temple.
  3813 | D:2      | Bought a runed broad axe for 126 gold pieces
  3890 | D:2      | Bought a scroll of identify for 22 gold pieces
  3890 | D:2      | Bought a scroll of teleportation for 33 gold pieces
  3968 | D:5      | Entered Level 5 of the Dungeon
  4845 | D:5      | Noticed Ijyb
  4849 | D:5      | Killed Ijyb
  5447 | D:6      | Identified the +0 robe of Cotidit {Contam rCorr Archmagi}
  5616 | D:6      | Reached skill level 7 in Axes
  5616 | D:6      | Reached XP level 8. HP: 71/71 MP: 8/8
  5646 | D:6      | Identified the +1 leather armour "Ylicuh" {rElec Str+4}
  5770 | D:6      | Found a shimmering altar of Xom.
  5770 | D:6      | Found an iron altar of Okawaru.
  6703 | D:2      | Bought a scroll of identify for 22 gold pieces
  6786 | D:2      | Bought a scroll of enchant weapon for 82 gold pieces
  8686 | D:7      | Noticed a wyvern
  8692 | D:7      | Killed a wyvern
  8745 | D:7      | Found a runed translucent door.
  8746 | D:7      | Noticed Crazy Yiuf
  8752 | D:7      | Killed Crazy Yiuf
  8882 | D:7      | Reached skill level 8 in Axes
  8882 | D:7      | Reached skill level 5 in Dodging
  9141 | D:8      | Reached skill level 5 in Stealth
  9512 | D:8      | Noticed a yak
  9512 | D:8      | Noticed a yak
  9512 | D:8      | Noticed a yak
  9512 | D:8      | Noticed a yak
  9515 | D:8      | Killed a yak
  9520 | D:8      | Killed a yak
  9521 | D:8      | Reached XP level 9. HP: 80/80 MP: 9/9
  9726 | D:8      | Noticed Erica
  9733 | D:8      | Killed Erica
  9734 | D:8      | Reached skill level 9 in Axes
 10751 | D:2      | Bought a +0 buckler for 49 gold pieces
 10751 | D:2      | Bought 3 scrolls of identify for 66 gold pieces
 14405 | D:9      | Noticed Grum
 14413 | D:9      | Killed Grum
 14542 | D:9      | Noticed a troll
 14545 | D:9      | Killed a troll
 14600 | D:9      | Found a runed translucent door.
 14602 | D:9      | Noticed Icepheonix32's ghost (novice DrFE)
 14603 | D:9      | Identified the +5 trident "Herar" {flame, rC- Str+4 Int+4}
 14629 | D:9      | Reached XP level 10. HP: 69/91 MP: 10/10
 14668 | D:9      | Reached skill level 10 in Axes
 15157 | D:9      | Reached **** piety under Beogh
 15161 | D:9      | Found a staircase to the Orcish Mines.
 15181 | D:9      | Reached skill level 1 in Invocations
 15186 | D:9      | Reached skill level 1 in Evocations
 15902 | D:9      | Reached skill level 1 in Armour
 15902 | D:9      | Reached skill level 1 in Shields
 15910 | D:9      | Killed Icepheonix32's ghost
 16387 | D:10     | Entered Level 10 of the Dungeon
 16534 | D:10     | Noticed a two-headed ogre
 16540 | D:10     | Killed a two-headed ogre
 17112 | D:10     | Reached skill level 10 in Fighting
 17260 | D:10     | Noticed a kobold demonologist
 17264 | D:10     | Killed a kobold demonologist
 17265 | D:10     | Reached skill level 11 in Axes
 17265 | D:10     | Reached XP level 11. HP: 92/99 MP: 13/13
 17586 | D:10     | Found a portal to a secret trove of treasure.
 18355 | D:11     | Noticed a manticore
 18360 | D:11     | Gained Morun as an ally
 18369 | D:11     | Killed a manticore
 18442 | D:11     | Noticed a two-headed ogre
 18446 | D:11     | Your ally Morun died
 18447 | D:11     | Killed a two-headed ogre
 18476 | D:11     | Noticed a two-headed ogre
 18480 | D:11     | Killed a two-headed ogre
 18664 | D:11     | Noticed a manticore
 18677 | D:11     | Killed a manticore
 19053 | D:11     | Found a staircase to the Lair.
 19069 | D:11     | Noticed a fire dragon
 19081 | D:11     | Killed a fire dragon
 19887 | Lair:1   | Entered Level 1 of the Lair of Beasts
 20199 | Lair:1   | Reached skill level 5 in Invocations
 20347 | Lair:1   | Reached XP level 12. HP: 108/108 MP: 15/15
 21593 | Lair:2   | Reached ***** piety under Beogh
 21653 | Lair:2   | Reached skill level 5 in Shields
 21911 | Lair:2   | Reached skill level 12 in Axes
 22706 | Lair:3   | Found a hole to the Spider Nest.
 22740 | Lair:3   | Reached skill level 5 in Armour
 23032 | Lair:3   | Noticed a seven-headed hydra
 23040 | Lair:3   | Killed a five-headed hydra
 23080 | Lair:3   | Noticed a death yak
 23086 | Lair:3   | Noticed a death yak
 23089 | Lair:3   | Killed a death yak
 23089 | Lair:3   | Noticed a death yak
 23091 | Lair:3   | Noticed a death yak
 23092 | Lair:3   | Noticed a death yak
 23093 | Lair:3   | Killed a death yak
 23094 | Lair:3   | Noticed a death yak
 23097 | Lair:3   | Killed a death yak
 23102 | Lair:3   | Killed a death yak
 23104 | Lair:3   | Killed a death yak
 23105 | Lair:3   | Killed a death yak
 23106 | Lair:3   | Reached skill level 5 in Evocations
 23645 | Lair:3   | Noticed a four-headed hydra
 23650 | Lair:3   | Killed a one-headed hydra
 24334 | Lair:4   | Reached XP level 13. HP: 116/116 MP: 18/18
 24416 | Lair:4   | Found a staircase to the Swamp.
 24520 | Lair:4   | Gained Orbeogh as an ally
 24578 | Lair:4   | Found a runed translucent door.
 24590 | Lair:4   | Noticed Konebred's ghost (journeyman DjCA)
 25274 | Lair:4   | Killed Konebred's ghost
 25516 | Lair:5   | Reached skill level 13 in Axes
 25599 | Lair:5   | Gained Bogdan as an ally
 25760 | Lair:5   | Reached ****** piety under Beogh
 26230 | Lair:5   | Gained Borgk as an ally
 26416 | Lair:5   | Noticed a shambling mangrove
 26416 | Lair:5   | an oklob plant changed into a shambling mangrove
 26420 | Lair:5   | Found a staircase to the Slime Pits.
 26425 | Lair:5   | Killed a shambling mangrove
 26426 | Lair:5   | Gained Gorg as an ally
 26811 | Lair:6   | Entered Level 6 of the Lair of Beasts
 26905 | Lair:6   | Found a runed translucent door.
 26907 | Lair:6   | Noticed WaxSun's ghost (journeyman DgEE)
 27171 | Lair:6   | Gained Thorok as an ally
 27268 | Lair:6   | Reached XP level 14. HP: 127/127 MP: 20/20
 28117 | Lair:6   | Killed WaxSun's ghost
 29627 | Orc:1    | Entered Level 1 of the Orcish Mines
 30295 | Orc:2    | Entered Level 2 of the Orcish Mines
 30345 | Orc:2    | Noticed an orc warlord
 30346 | Orc:2    | Found Udow's Antique Armour Boutique.
 30356 | Orc:2    | Annihilated by an orc warlord

Illustrated notes

Levels and vault maps discovered:
D:1:      ncdulo_smallfort, layout_basic, ebering_ecumenical_altar_hall
D:2:      layout_loops_corners, serial_shops, shop_fountains, shop,
          nicolae_square_shop, nicolae_shop_window_shopping
D:3:      layout_loops_ring, uniq_grinder, uniq_jessica
D:4:      layout_loops_ring, minmay_temple_entry_offerings, uniq_robin
D:5:      layout_loops_corners, uniq_ijyb
D:6:      layout_loops_ring, gammafunk_temple_overflow_wave,
          minmay_fire_ice_demons
D:7:      layout_basic, uniq_crazy_yiuf_cottage
D:8:      layout_basic, uniq_erica
D:9:      layout_roguey, david_orc_3, ebering_ghost_funeral_grove, uniq_grum
D:10:     layout_basic, enter_trove_3
D:11:     layout_loops_ring, lair_entry_dummy
Lair:1:   layout_cave_pods, lemuel_fruit_fields
Lair:2:   layout_regular_city, chequers_serial_rivers_small_a
Lair:3:   layout_cellular_growth, spider_nest_entry_webs,
          kennysheep_abandoned_house, infiniplex_staircase_pool_2,
          lemuel_fruit_tree
Lair:4:   layout_cave_pods, skrybe_swamp_entry_bodies,
          hellmonk_ghost_happy_afterlife, enter_volcano_4
Lair:5:   layout_regular_city, minmay_slime_entry_oklob_enclosed
Lair:6:   grunt_lair_end_beastmaster, layout_gridlike,
          ebering_ghost_inner_flame, chequers_serial_rivers_room_b,
          wad_woods_road_01
Orc:1:    layout_diamond_mine
Orc:2:    grunt_orc_gardens, layout_diamond_mine, grunt_orc_garden,
          grunt_orc_garden, grunt_orc_garden, grunt_orc_garden, serial_shops,
          shop, nicolae_shop_overcharged_wands

Skill      XL: |  1  2  3  4  5  6  7  8  9 10 11 12 13 14 |
---------------+-------------------------------------------+-----
Fighting       | 4 5 6 7 9 10 11 12 | 12.7
Stealth        | 2 3 4 5 6 7 8 9 |  9.5
Dodging        | 3 4 5 6 7 8 9 |  9.0
Axes           | 5 6 7 8 9 11 12 13 | 13.8
Invocations    | 2 5 7 8 9 |  9.2
Evocations     | 2 4 5 6 7 |  7.0
Armour         | 2 4 6 7 |  7.8
Shields        | 2 4 6 7 |  7.7

Action                   |  1- 3 |  4- 6 |  7- 9 | 10-12 | 13-15 || total
-------------------------+-------+-------+-------+-------+-------++-------
Melee: Hand axe          |   119 |   225 |    44 |       |       ||   388
       Punch             |     2 |     4 |     1 |       |       ||     7
       Broad axe         |       |       |   124 |   301 |   194 ||   619
 Fire: Hunting sling     |       |       |     8 |       |       ||     8
Throw: Stone             |       |     6 |       |       |       ||     6
       Boomerang         |       |       |     1 |     3 |     1 ||     5
Invok: Convert to Beogh  |     1 |       |       |       |       ||     1
       Give Item to Name |       |       |       |       |     5 ||     5
Evoke: Wand              |       |       |       |     3 |     3 ||     6
  Use: Scroll            |     2 |     1 |    16 |     8 |     9 ||    36
       Potion            |       |       |       |     3 |     3 ||     6
 Stab: Sleeping          |     2 |       |       |       |       ||     2
       Distracted        |       |       |     2 |     6 |     3 ||    11
Armor: Robe              |    22 |       |       |       |       ||    22
       Chain mail        |    20 |    10 |       |       |       ||    30
       Plate armour      |       |   125 |   114 |   249 |   174 ||   662
Dodge: Dodged            |    75 |    41 |    54 |   116 |    67 ||   353
Block: Buckler           |       |       |     7 |    59 |    51 ||   117
